 Dungeon Crawl Stone Soup version 0.28.0-53-g5a82cb258f (webtiles) character file.

Game seed: 9192720110596868838

133 mcbry74 the Insei (level 5, 0/37 HPs)
             Began as a Merfolk Transmuter on July 6, 2022.
             Slain by a scorpion (6 damage)
             ... on level 4 of the Dungeon.
             The game lasted 00:09:42 (4382 turns).

mcbry74 the Insei (Merfolk Transmuter)              Turns: 4382, Time: 00:09:43

Health: 0/37       AC:  3    Str: 10    XL:     5   Next: 16%
Magic:  8/8        EV: 12    Int: 15    God:
Gold:   90         SH:  0    Dex: 14    Spells: 2/8 levels left

rFire   . . .      SeeInvis .     - Unarmed
rCold   . . .      Faith    .   (no shield)
rNeg    . . .      Spirit   .   a - +0 robe
rPois   .          Reflect  .   (helmet currently unavailable)
rElec   .          Harm     .   (no cloak)
rCorr   .          Rampage  .   i - +0 pair of gloves
Will    .....                   (boots currently unavailable)
Stlth   +.........              (no amulet)
HPRegen 0.12/turn               (no ring)
MPRegen 0.11/turn               (no ring)

@: appendages
A: horns 2, (nimble swimmer 2), mertail
a: End Transformation


You were on level 4 of the Dungeon.
You had temporarily grown beastly horns.
You visited 1 branch of the dungeon, and saw 4 of its levels.

You collected 90 gold pieces.

Inventory:

Armour
 a - a +0 robe (worn)
 i - a +0 pair of gloves (worn)
Scrolls
 e - a scroll of fear {unknown}
 g - a scroll of teleportation {unknown}
 h - a scroll of summoning {unknown}
 j - a scroll of enchant armour {unknown}
 l - a scroll of amnesia {unknown}
Potions
 b - a potion of heal wounds {unknown}
 d - a potion of cancellation {unknown}
 f - 2 potions of flight


   Skills:
 - Level 1.1 Fighting
 - Level 2.6 Dodging
 * Level 5.0 Unarmed Combat
 - Level 2.0 Spellcasting
 + Level 4.8 Transmutations
 + Level 1.2 Poison Magic


You had 2 spell levels left.
You knew the following spells:

 Your Spells              Type           Power      Damage    Failure   Level
a - Beastly Appendage     Tmut           32%        N/A       3%          1
b - Wereblood             Tmut           16%        N/A       4%          2
c - Spider Form           Tmut/Pois      10%        N/A       19%         3

Your spell library contained the following spells:

 Spells                   Type           Power      Damage    Failure   Level
 Animate Skeleton         Necr           2%         N/A       22%         1
 Apportation              Tloc           2%         N/A       22%         1
 Summon Small Mammal      Summ           4%         N/A       22%         1
 Ozocubu's Armour         Ice            1%         N/A       54%         3
 Ice Form                 Ice/Tmut       8%         N/A       63%         4
 Ozocubu's Refrigeration  Ice            0%         4d5       100%        7


Dungeon Overview and Level Annotations

Branches:
Dungeon (4/15)
 Temple: D:4-7

Altars:
Fedhas

Shops:
D:3 *


Innate Abilities, Weirdness & Mutations

You have temporarily grown beastly horns.
((You are very nimble when in or above water. (Stealth+, EV+, Speed+++)))
Your lower body shifts to a powerful aquatic tail in water.


Message History

The scorpion is moderately wounded.
You feel very sick. The scorpion stings you.
You hit the scorpion.
The scorpion is severely wounded.
You feel very sick. The scorpion stings you!
* * * LOW HITPOINT WARNING * * *
You feel better. The scorpion misses you.
You hit the scorpion but do no damage.
The scorpion is severely wounded.
The scorpion stings you.
You hit the scorpion but do no damage.
The scorpion is severely wounded.
The scorpion misses you.
You hit the scorpion but do no damage.
You punch the scorpion, but do no damage.
The scorpion is severely wounded.
The scorpion stings you.
You hit the scorpion.
The scorpion is severely wounded.
The scorpion misses you.
You hit the scorpion but do no damage.
The scorpion is severely wounded.
The scorpion misses you.
You hit the scorpion.
The scorpion is severely wounded.
The scorpion stings you but does no damage.
You barely miss the scorpion.
The scorpion is severely wounded.
The scorpion closely misses you.
You completely miss the scorpion. Your headbutt misses the scorpion.
The scorpion is severely wounded.
The scorpion misses you.
You hit the scorpion but do no damage. You headbutt the scorpion.
The scorpion is almost dead.
The scorpion stings you!
* * * LOW HITPOINT WARNING * * *
The scorpion stings you.
You die...

# ....##..#......... #.
##..##............ .
...#.................
.( #...................
?..
#####.......)........
..#......<.............
...#...#............#
##.#..##..........### #
##...@####..........#
.. #....s##
#............
.#.#......#
#............
.........##
#...##.##....
#.........#.....####
#... ....#....##..#...
... ....#.#.....# # #..
####..#.....# #.
#..........


You could see a scorpion.

Vanquished Creatures
  Jessica (D:2)
  A hound skeleton (D:4)
  A howler monkey skeleton (D:3)
  2 adders
  A worm (D:2)
  A dart slug (D:1)
  8 orcs
  3 ball pythons
  5 endoplasms
  2 goblins (D:1)
  3 hobgoblins
  2 jackals (D:4)
  2 quokkas (D:2)
  5 bats
  A frilled lizard (D:1)
  10 kobolds
  4 rats
52 creatures vanquished.

Vanquished Creatures (others)
  A fungus (D:2)
  A plant (D:2)
2 creatures vanquished.

Grand Total: 54 creatures vanquished

Notes
Turn   | Place    | Note
-------+----------+-------------------------------------------
     0 | D:1      | mcbry74 the Merfolk Transmuter began the quest for the Orb.
     0 | D:1      | Reached XP level 1. HP: 15/15 MP: 3/3
   428 | D:1      | Reached XP level 2. HP: 14/21 MP: 3/5
   431 | D:1      | Learned a level 2 spell: Wereblood
  1635 | D:2      | Noticed a phantom
  1781 | D:2      | Noticed Jessica
  1797 | D:2      | Killed Jessica
  1798 | D:2      | Reached skill level 4 in Unarmed Combat
  1798 | D:2      | Reached XP level 3. HP: 4/26 MP: 6/6
  2471 | D:2      | Reached XP level 4. HP: 32/32 MP: 5/7
  2478 | D:2      | Learned a level 3 spell: Spider Form
  2604 | D:2      | Found a faded altar of an unknown god.
  2612 | D:2      | Got Plato's Papyrus of Changing
  3572 | D:3      | Found Utetz's Assorted Antiques.
  3884 | D:3      | Found a blossoming altar of Fedhas.
  4187 | D:4      | Reached skill level 1 in Poison Magic
  4264 | D:4      | Reached XP level 5. HP: 25/37 MP: 4/8
  4274 | D:4      | Reached skill level 5 in Unarmed Combat
  4382 | D:4      | Slain by a scorpion

Illustrated notes

Levels and vault maps discovered:
D:1:      eino_arrival_cavern_c, layout_loops_ring
D:2:      layout_basic, shapermc_ecumenical_altar_rom_forum, uniq_jessica
D:3:      layout_basic, overflow_temple_1_default, serial_shops,
          nicolae_shop_trees
D:4:      layout_cave_pools, serial_column_ruins, column_ruins_hut,
          column_ruins_open_tiny, column_ruins_grid_1, column_ruins_open_tiny,
          column_ruins_grid_1, column_ruins_grid_3

Skill      XL: |  1  2  3  4  5 |
---------------+----------------+-----
Transmutations | 3 4 |  4.8
Unarmed Combat | 4 5 |  5.0
Poison Magic   | 1 |  1.2
Fighting       | |  1.1
Dodging        | |  2.6
Spellcasting   | |  2.0

Action                   |  1- 3 |  4- 6 || total
-------------------------+-------+-------++-------
Melee: Unarmed           |    90 |   103 ||   193
       Headbutt          |     7 |    14 ||    21
       Punch             |     1 |     4 ||     5
Throw: Dart              |       |     2 ||     2
 Cast: Beastly Appendage |    18 |    12 ||    30
       Wereblood         |       |     3 ||     3
  Use: Scroll            |       |     2 ||     2
       Potion            |       |     2 ||     2
 Stab: Sleeping          |     2 |     1 ||     3
Armor: Robe              |    11 |    15 ||    26
Dodge: Dodged            |    48 |    54 ||   102
